Map: Pillars of Gold LE

Players

Vanya

  • Race: Zerg Zerg
  • League: Master
  • Spawn Location: 1:00

AGOElazer (Elazer) - Winner!

  • Race: Zerg Zerg
  • Spawn Location: 7:00

Event: DreamHack SC2 Masters 2020 Winter

VOD

Have the link to the VOD?

Description

Time

  • Played on: Oct. 27, 2020, 2:06 p.m.
  • Length: 10:23

All games in this series

Show
View Real Time Build Order
Export as new Build Order

Vanya Zerg 

Build Orders: Hatch First 

Get SALT Encoding   

  12  0:00  Drone  
  13  0:13  Overlord  
  13  0:18  Drone  
  14  0:31  Drone x2  
  16  0:50  Hatchery  
  16  0:52  Drone  
  16  0:56  Drone  
  17  1:00  Drone  
  18  1:09  Extractor  
  17  1:15  Spawning Pool  
  16  1:19  Drone  
  16  1:22  Drone  
  18  1:30  Drone  
  19  1:41  Drone  
  20  1:51  Drone  
  21  2:02  Queen x2  
  21  2:03  Zergling x2  
  21  2:04  Overlord  
  26  2:13  Drone x2  
  28  2:23  Drone x2  
  30  2:34  Drone  
  30  2:35  Overlord  
  31  2:40  Lair  
  31  2:42  Extractor  
  30  2:46  Drone x2  
  31  2:56  Drone x2  
  31  2:57  Evolution Chamber  
  32  3:07  Drone x2, Roach Warren  
  33  3:15  Drone  
  33  3:16  Overlord  
  34  3:46  Glial Reconstitution  
  34  3:47  Roach x9  
  52  3:52  Overlord  
  52  4:05  Overlord  
  52  4:10  Roach x4  
  60  4:18  Overlord  
  60  4:24  Roach x3  
  66  4:26  Roach  
  68  4:32  Overlord  
  68  4:37  Roach x2  
  72  4:41  Roach  
  72  4:43  Roach  
  76  4:48  Overlord  
  76  4:51  Roach  
  78  4:55  Roach  
  80  5:00  Overlord  
  80  5:02  Roach  
  80  5:06  Roach  
  84  5:09  Roach  
  86  5:20  Drone x5  
  85  5:27  Extractor  
  84  5:30  Drone x3  
  84  5:31  Extractor  
  86  5:42  Spire  
  85  5:45  Drone  
  85  5:47  Drone  
  81  5:55  Drone x3  
  81  5:56  Drone  
  85  5:59  Overseer  
  85  6:08  Hatchery  
  87  6:18  Roach x4  
  93  6:30  Overlord  
  93  6:33  Drone x3  
  93  6:36  Ravager x3  
  93  6:37  Overlord, Ravager  
  93  6:39  Overlord  
  100  6:49  Overlord  
  100  6:55  Spire  
  100  6:58  Roach x2  
  103  7:03  Roach x2  
  103  7:06  Ravager  
  108  7:11  Roach x3  
  111  7:17  Overlord  
  111  7:18  Roach  
  111  7:19  Roach x2  
  105  7:33  Roach x4  
  103  7:38  Ravager  
  103  7:39  Ravager  
  107  7:46  Drone x3  
  108  8:01  Extractor  
  107  8:08  Overlord x2  
  107  8:09  Extractor, Overlord  
  106  8:28  Mutalisk x6  
  106  8:30  Overlord  
  106  8:33  Drone  
  119  8:35  Mutalisk  
  119  8:41  Spine Crawler  
  120  8:42  Evolution Chamber  
  120  8:46  Evolution Chamber  
  120  8:48  Spine Crawler  
  117  8:50  Ravager x2  
  117  8:51  Roach x3  
  122  9:02  Overlord x2  
  121  9:05  Overlord  
  119  9:11  Overlord  
  119  9:14  Overlord  
  120  9:17  Spine Crawler  
  120  9:19  Drone  
  120  9:21  Mutalisk  
  101  9:26  Mutalisk  
  101  9:27  Mutalisk  
Show
View Real Time Build Order
Export as new Build Order

AGOElazer Zerg - Winner!

Build Orders: Hatch First 

Get SALT Encoding   

  12  0:00  Drone  
  13  0:12  Overlord  
  13  0:17  Drone  
  14  0:30  Drone x2  
  16  0:50  Hatchery  
  16  0:53  Drone  
  17  0:57  Drone  
  17  1:11  Spawning Pool  
  17  1:14  Extractor  
  17  1:16  Drone  
  16  1:20  Drone  
  16  1:23  Drone  
  18  1:29  Drone  
  19  1:39  Drone  
  20  1:49  Overlord  
  20  1:58  Queen  
  22  2:01  Queen  
  24  2:09  Drone x2  
  24  2:12  Drone  
  24  2:14  Drone  
  28  2:21  Drone  
  29  2:24  Drone  
  30  2:34  Drone, Queen  
  33  2:37  Queen  
  33  2:41  Drone  
  33  2:43  Overlord  
  36  3:01  Evolution Chamber  
  36  3:02  Drone x3  
  38  3:08  Drone x5  
  43  3:13  Drone  
  43  3:15  Overlord  
  43  3:17  Extractor  
  43  3:22  Drone  
  43  3:23  Roach Warren  
  43  3:27  Zerg Missile Weapons Level 1  
  43  3:33  Lair  
  43  3:35  Drone  
  43  3:36  Extractor  
  43  3:37  Drone  
  43  3:38  Drone  
  43  3:41  Drone  
  46  3:43  Drone  
  46  3:44  Drone  
  46  3:46  Drone  
  46  3:47  Drone  
  50  3:51  Overlord  
  50  3:53  Drone  
  51  4:07  Extractor  
  51  4:09  Drone x2  
  53  4:10  Drone  
  53  4:14  Roach x3  
  59  4:21  Overlord x2  
  59  4:30  Overseer  
  59  4:31  Glial Reconstitution  
  59  4:35  Hatchery  
  59  4:36  Roach  
  60  4:38  Overlord  
  60  4:44  Roach x4  
  68  4:49  Roach x3  
  68  4:52  Spine Crawler  
  74  4:55  Roach  
  74  4:56  Spine Crawler  
  74  4:58  Roach  
  74  4:59  Roach, Ravager  
  80  5:00  Ravager  
  80  5:01  Ravager  
  80  5:05  Roach  
  84  5:11  Spine Crawler, Ravager  
  84  5:20  Roach  
  83  5:24  Overlord  
  83  5:25  Overlord  
  83  5:26  Ravager  
  85  5:28  Zerg Missile Weapons Level 2  
  85  5:33  Overlord x2  
  85  5:34  Overlord  
  83  5:43  Roach  
  83  5:44  Roach x3  
  87  5:51  Roach x2  
  91  5:57  Roach x4  
  91  6:04  Overlord  
  99  6:06  Roach x2  
  99  6:08  Roach  
  109  6:18  Roach x2  
  109  6:21  Roach  
  111  6:26  Roach x3  
  117  6:36  Hatchery  
  116  6:41  Roach x2  
  116  6:44  Roach  
  116  6:46  Roach  
  124  6:52  Roach x2  
  128  7:03  Roach x2, Overlord  
  124  7:17  Roach x4  
  132  7:26  Roach x3  
  120  7:30  Roach  
  120  7:31  Roach x3  
  116  7:41  Roach x2  
  120  7:53  Overlord  
  120  7:56  Roach x2  
  124  7:58  Zerg Ground Armor Level 1  
  124  8:03  Roach x6  
  138  8:05  Ravager  
  138  8:06  Ravager  
  138  8:09  Overlord  
  138  8:14  Roach x2  
  138  8:17  Overlord  
  142  8:27  Overlord  
  142  8:35  Drone x3, Hydralisk Den  
  142  8:40  Drone x4  
  148  8:53  Drone x5  
  149  9:06  Burrow  
  129  9:23  Roach x9  
  141  9:29  Roach  
  145  9:32  Roach  
  145  9:35  Roach x3  
  137  9:52  Hydralisk x4  
  128  9:53  Hydralisk x4  
Tags
 
Add a new tag
Caveats
  • Supply blocks, unpowered buildings, or Contaminate may cause inaccurate times.
  • Supply counts are checked every 10 seconds.